 Seeded DCSS version 0.29.1-4-g47bece8355 (webtiles) character file.

Game seed: 15482173601955151116 (custom seed)

5260 kingsuperguy the Fighter (level 10, -10/93 HPs)
             Began as a Minotaur Fighter on Dec 7, 2022.
             Was a Priest of Uskayaw.
             Mangled by a komodo dragon (26 damage)
             ... on level 10 of the Dungeon.
             The game lasted 00:08:19 (9529 turns).

kingsuperguy the Fighter (Minotaur Fighter)         Turns: 9529, Time: 00:08:19

Health: -10/93     AC: 14    Str: 23    XL:     10   Next: 36%
Magic:  9/9        EV:  7    Int:  5    God:    Uskayaw [***...]
Gold:   578        SH:  6    Dex: 10    Spells: 9/9 levels left

rFire   . . .      SeeInvis +   y - +8 hand axe of the Crawling Thing {elec, rElec rC- Str-2 SInv}
rCold   x . .      Faith    .   c - +0 buckler
rNeg    . . .      Spirit   .   O - +0 plate armour
rPois   .          Reflect  .   (helmet restricted)
rElec   +          Harm     .   (no cloak)
rCorr   .          Rampage  .   (no gloves)
Will    .....                   (no boots)
Stlth   ..........              (no amulet)
HPRegen 0.25/turn               (no ring)
MPRegen 0.11/turn               (no ring)

@: no status effects
A: horns 2, retaliatory headbutt
a: Renounce Religion, Stomp, Line Pass


You were on level 10 of the Dungeon.
You worshipped Uskayaw.
Uskayaw was noncommittal.
You visited 1 branch of the dungeon, and saw 10 of its levels.

You collected 578 gold pieces.

Inventory:

Hand Weapons
 a - a +0 war axe
 y - the +8 hand axe of the Crawling Thing (weapon) {elec, rElec rC- Str-2 SInv}
   (You found it on level 4 of the Dungeon)

   It occasionally discharges a powerful burst of electricity upon striking a
   foe.
   Str:       It affects your strength (-2).
   rC:        It makes you vulnerable to cold.
   rElec:     It insulates you from electricity.
   SInv:      It lets you see invisible.
 B - a +2 vorpal war axe
 E - a +5 morningstar
Missiles
 C - a throwing net (quivered)
 P - 5 poisoned darts
Armour
 b - a +0 scale mail
 c - a +0 buckler (worn)
 A - a scarf of harm
 O - a +0 plate armour (worn)
Jewellery
 g - a +6 ring of intelligence
 k - an amulet of the acrobat
 l - a +6 ring of intelligence
 u - a ring of fire
 z - a +4 ring of evasion
 H - a +6 ring of intelligence
 K - a ring of protection from fire
 L - a ring of wizardry
 N - a +6 ring of strength
 R - a +4 ring of protection
Wands
 s - a wand of charming (18)
 Q - a wand of polymorph (3)
Scrolls
 f - 5 scrolls of identify {unknown}
 h - 3 scrolls of enchant weapon {unknown}
 n - 2 scrolls of summoning {unknown}
 p - 3 scrolls of teleportation {unknown}
 t - 3 scrolls of noise {unknown}
 v - 2 scrolls of magic mapping {unknown}
 w - 3 scrolls of butterflies {unknown}
 x - 2 scrolls of fear {unknown}
 G - 2 scrolls of poison {unknown}
 M - 2 scrolls of immolation {unknown}
 S - a scroll of enchant armour {unknown}
 T - 2 scrolls of amnesia {unknown}
Potions
 d - 2 potions of might
 e - a potion of resistance {unknown}
 i - 11 potions of curing {unknown}
 j - 2 potions of heal wounds {unknown}
 m - a potion of haste {unknown}
 o - 3 potions of magic {unknown}
 q - 2 potions of degeneration {unknown}
 r - 3 potions of brilliance {unknown}
 D - 2 potions of invisibility {unknown}
 F - a potion of cancellation {unknown}
 I - 2 potions of mutation {unknown}
 J - a potion of attraction {unknown}
Miscellaneous
 U - a condenser vane


   Skills:
 + Level 10.0 Fighting
 + Level 9.6 Axes
 + Level 10.0 Armour
 + Level 10.0 Shields


You had 9 spell levels left.
You didn't know any spells.
Your spell library contained the following spells:

 Spells                   Type           Power      Damage    Failure   Level
 Freeze                   Ice            0%         1d3       100%        1
 Magic Dart               Conj           0%         1d3       100%        1
 Searing Ray              Conj           0%         2d4       100%        2
 Frozen Ramparts          Ice            0%         1d1       100%        3
 Ozocubu's Armour         Ice            0%         N/A       100%        3
 Stone Arrow              Conj/Erth      0%         3d7       100%        3
 Tukima's Dance           Hex            0%         N/A       100%        3
 Animate Armour           Summ/Erth      0%         N/A       100%        4
 Animate Dead             Necr           0%         N/A       100%        4
 Fulminant Prism          Conj/Hex       0%         3d6       100%        4
 Hailstorm                Conj/Ice       0%         3d3       100%        4
 Passage of Golubria      Tloc           0%         N/A       100%        4
 Yara's Violent Unravell  Hex/Tmut       0%         3d3       100%        5
 Haunt                    Necr/Summ      0%         N/A       100%        7
 Ozocubu's Refrigeration  Ice            0%         4d7       100%        7
 Infestation              Necr           0%         N/A       100%        8
 Lehudib's Crystal Spear  Conj/Erth      0%         10d2      100%        8


Dungeon Overview and Level Annotations

Branches:
Dungeon (10/15)            Temple (0/1) D:5             Orc (0/2) D:9
   Lair: D:8-11

Altars:
Ashenzari
Fedhas
Makhleb
Nemelex Xobeh
Qazlal
Trog
Uskayaw
Yredelemnul
The Shining One

Shops:
D:9 (

Annotations:
D:6 2 transporters, Sambug2000's ghost, novice MiBe
D:8 3 runed translucent doors, Jingleheimer's ghost, novice MiGl
D:10 Erica


Innate Abilities, Weirdness & Mutations

You have a pair of horns on your head.
You reflexively headbutt those who attack you in melee.


Message History

The helpless orc priest fails to defend itself.
You hit the orc priest.
The helpless orc fails to defend itself.
You hit the orc.
The helpless orc fails to defend itself.
You slice the orc!!
You kill the orc!
The helpless orc priest fails to defend itself.
You slash the orc priest!
You kill the orc priest!
Erica is no longer paralysed.
The acid dragon is no longer paralysed.
The troll is no longer paralysed.
Your Shields skill increases to level 10!
A komodo dragon comes into view.
Erica points at you and mumbles some strange words.
You are confused.
You see here a +0 dagger.
Erica zaps a wand.
The bolt of dispelling energy hits you.
Your magical effects are unravelling.
You feel less confused.
Erica gestures wildly while chanting.
Erica flickers and vanishes for a moment.
The acid dragon spits acid at you. The splash of acid hits you!!
The komodo dragon closely misses you. You furiously retaliate!
You headbutt the komodo dragon, but do no damage.
You closely miss the komodo dragon. You headbutt the komodo dragon.
The komodo dragon is lightly wounded.
The komodo dragon hisses menacingly.
The komodo dragon bites you!!
* * * LOW HITPOINT WARNING * * *
You closely miss the komodo dragon.
The komodo dragon is lightly wounded.
You hit Erica.
Erica hits you with a +4 scimitar of flaming.
* * * LOW HITPOINT WARNING * * *
Erica burns you.
* * * LOW HITPOINT WARNING * * *
The komodo dragon bites you!!
You die...

#.# ###########..
............# ..
............## .≈.#
.............## .≈.#
............(.##.≈.###
..........)......≈....
......l@.D.......≈≈≈≈≈
......@..).†)........
..................##
..........T....?...##
....................##
........~~~~~.........#.
........~≈≈≈~...........
........~≈≈≈~...........
.......~≈≈≈~...........


You could see Erica (invisible), a komodo dragon, a troll and an acid dragon
(catching breath).

Vanquished Creatures
  Maurice (D:9)
  A troll (D:8)
  A wraith (D:9)
  A wyvern (D:8)
  3 yaks (D:8)
  Grum (D:9)
  3 steam dragons
  2 water moccasins
  Duvessa (D:7)
  A black bear (D:6)
  3 orc warriors (D:9)
  3 ice beasts
  A sky beast (D:6)
  3 wolves (D:9)
  A centaur (D:9)
  2 scorpions (D:5)
  5 bullfrogs
  2 necrophages
  8 wights
  Dowan (D:7)
  4 jellies
  A gnoll bouda (D:5)
  3 hounds
  10 orc priests
  3 iguanas
  8 orc wizards
  9 adders
  7 gnolls (D:5)
  3 shadow imps
  2 white imps (D:8)
  A worm (D:2)
  2 dart slugs
  33 orcs
  6 bats
  4 giant cockroaches
  5 hobgoblins
  6 jackals
  2 quokkas
  7 ball pythons
  4 frilled lizards (D:1)
  10 goblins
  11 kobolds
  8 rats
193 creatures vanquished.

Notes
Turn   | Place    | Note
-------+----------+-------------------------------------------
     0 | D:1      | kingsuperguy the Minotaur Fighter began the quest for the
                  | Orb.
     0 | D:1      | Reached XP level 1. HP: 19/19 MP: 0/0
    92 | D:1      | Reached XP level 2. HP: 27/27 MP: 1/1
   736 | D:2      | Found a faded altar of an unknown god.
   744 | D:2      | Reached XP level 3. HP: 33/33 MP: 2/2
   869 | D:2      | Prayed at the altar of an unknown god.
   869 | D:2      | Became a worshipper of Uskayaw the Reveller
   869 | D:2      | Reached * piety under Uskayaw
  1694 | D:3      | Reached ** piety under Uskayaw
  1695 | D:3      | Reached XP level 4. HP: 29/41 MP: 3/3
  1945 | D:3      | Reached *** piety under Uskayaw
  1949 | D:3      | Reached **** piety under Uskayaw
  1950 | D:3      | Reached XP level 5. HP: 22/47 MP: 4/4
  2330 | D:3      | Found a bloodstained altar of Trog.
  2552 | D:4      | Noticed an ice beast
  2561 | D:4      | Killed an ice beast
  2562 | D:4      | Reached skill level 5 in Fighting
  2562 | D:4      | Reached skill level 5 in Armour
  2562 | D:4      | Reached skill level 5 in Shields
  2562 | D:4      | Reached XP level 6. HP: 56/56 MP: 5/5
  2572 | D:4      | Found a glowing golden altar of the Shining One.
  2890 | D:4      | Identified the +8 hand axe of the Crawling Thing {elec,
                  | rElec rC- Str-2 SInv}
  3221 | D:4      | Found a basalt altar of Yredelemnul.
  3224 | D:4      | Found a burning altar of Makhleb.
  3527 | D:5      | Entered Level 5 of the Dungeon
  3612 | D:5      | Reached skill level 5 in Axes
  3613 | D:5      | Reached XP level 7. HP: 49/62 MP: 6/6
  3736 | D:5      | Reached ***** piety under Uskayaw
  3742 | D:5      | Reached ****** piety under Uskayaw
  4080 | D:5      | Reached XP level 8. HP: 61/71 MP: 7/7
  4471 | D:5      | Found a staircase to the Ecumenical Temple.
  5088 | D:6      | Noticed a brown ugly thing
  5096 | D:6      | Found a transporter.
  5098 | D:6      | Noticed Sambug2000's ghost (novice MiBe)
  5119 | D:6      | Found a transporter.
  5517 | D:6      | Found a broken altar of Ashenzari.
  5542 | D:6      | Found a stormy altar of Qazlal.
  6053 | D:6      | Noticed a boulder beetle
  6150 | D:7      | Reached XP level 9. HP: 57/81 MP: 8/8
  6254 | D:7      | Found a blossoming altar of Fedhas.
  6256 | D:7      | Found a sparkling altar of Nemelex Xobeh.
  6337 | D:7      | Noticed Dowan
  6346 | D:7      | Killed Dowan
  6436 | D:7      | Noticed Duvessa
  6443 | D:7      | Killed Duvessa
  7265 | D:8      | Found a runed translucent gate.
  7265 | D:8      | Found a runed translucent gate.
  7266 | D:8      | Found a runed translucent gate.
  7268 | D:8      | Noticed Jingleheimer's ghost (novice MiGl)
  7883 | D:8      | Noticed a troll
  7893 | D:8      | Killed a troll
  8256 | D:9      | Noticed Maurice
  8262 | D:9      | Killed Maurice
  8263 | D:9      | Reached XP level 10. HP: 91/91 MP: 9/9
  8309 | D:9      | Found Bipeahim's Weapon Shoppe.
  8443 | D:9      | Found a staircase to the Orcish Mines.
  8875 | D:9      | Noticed Grum
  8886 | D:9      | Killed Grum
  9476 | D:10     | Entered Level 10 of the Dungeon
  9516 | D:10     | Reached skill level 10 in Fighting
  9518 | D:10     | Reached skill level 10 in Armour
  9520 | D:10     | Noticed Erica
  9523 | D:10     | Reached skill level 10 in Shields
  9529 | D:10     | Mangled by a komodo dragon

Illustrated notes

Levels and vault maps discovered:
D:1:      sevenhm_arrival_forest_fort_small_3, layout_basic
D:2:      layout_loops_cross, serial_forest, infiniplex_forest_end_3,
          infiniplex_forest_clump_small, infiniplex_forest_lined_2,
          infiniplex_forest_end_1, infiniplex_forest_lined_corner,
          nicolae_ecumenical_pavilion
D:3:      layout_basic, trog_book, hangedman_glass_teeth
D:4:      layout_basic, kennysheep_mini, minitemple
D:5:      layout_loops_cross, minmay_temple_entry_antechambers
D:6:      layout_rooms, mainiacjoe_overflow_six_doors_small,
          mainiacjoe_overflow_alcove_4, gammafunk_ghost_arena,
          lightli_corner_chamber
D:7:      layout_cave_pools, jmf_multi_god_temple, uniq_duvessa
D:8:      layout_loops_corners, gammafunk_ghost_spectres
D:9:      layout_loops_corners, orc_david_3, hangedman_decor_push, uniq_grum,
          uniq_maurice
D:10:     layout_big_octagon, kennysheep_slug_shrine,
          mainiacjoe_overflow_brackets, minmay_misc_feat_x, uniq_fannar,
          uniq_erica

Skill      XL: |  1  2  3  4  5  6  7  8  9 10 |
---------------+-------------------------------+-----
Shields        | 4 5 6 8 9 10 | 10.0
Fighting       | 4 5 6 8 9 10 | 10.0
Armour         | 4 5 6 8 9 10 | 10.0
Axes           | 3 4 5 6 7 9 |  9.6

Action                   |  1- 3 |  4- 6 |  7- 9 | 10-12 || total
-------------------------+-------+-------+-------+-------++-------
Melee: War axe           |    83 |    63 |       |       ||   146
       Headbutt          |     8 |     6 |    31 |    12 ||    57
       Hand axe          |       |    18 |   198 |    52 ||   268
Throw: Throwing net      |       |       |     1 |       ||     1
 Stab: Paralysed         |       |     2 |     9 |    12 ||    23
Armor: Scale mail        |    36 |    36 |    31 |       ||   103
       Plate armour      |       |       |    25 |    29 ||    54
Dodge: Dodged            |    44 |    38 |    48 |    16 ||   146
Block: Buckler           |    22 |    22 |    37 |    12 ||    93
